 Dungeon Crawl Stone Soup version 0.29.1-2-gbd0b4ee654 (webtiles) character file.

Game seed: 7576347646860035689

2286 LustLizard the Grappler (level 9, 0/88 HPs)
             Began as a Troll Fighter on Nov 23, 2022.
             Slain by a vampire
             ... wielding a +2 vampiric halberd
              (7 damage)
             ... in a bailey.
             The game lasted 00:16:32 (6100 turns).

LustLizard the Grappler (Troll Fighter)             Turns: 6100, Time: 00:16:33

Health: 0/88       AC:  7    Str: 26    XL:     9   Next: 17%
Magic:  8/8        EV:  8    Int:  8    God:
Gold:   288        SH:  0    Dex:  9    Spells: 6/8 levels left

rFire   . . .      SeeInvis .     - Unarmed
rCold   + . .      Faith    .   b - +0 kite shield
rNeg    . . .      Spirit   .   a - +0 robe
rPois   .          Reflect  +   w - +2 hat
rElec   .          Harm     .   x - +0 cloak
rCorr   .          Rampage  .   (gloves unavailable)
Will    +....                   (boots unavailable)
Stlth   +.........              q - amulet of reflection
HPRegen 1.04/turn               d - ring of protection from cold
MPRegen 0.11/turn               e - ring of willpower

@: confused, ambrosia-drunk
A: large, unfitting armour, claws 3, regeneration 1, shaggy fur 1, tough skin 1
a: no special abilities


You were in a bailey.
You visited 2 branches of the dungeon, and saw 8 of its levels.
You also visited: Bailey.

You collected 288 gold pieces.

Inventory:

Missiles
 i - 3 poisoned darts
 j - 55 stones
 v - 2 throwing nets (quivered)
Armour
 a - a +0 robe (worn)
 b - a +0 kite shield (worn)
 w - a +2 hat (worn)
 x - a +0 cloak (worn)
Jewellery
 d - a ring of protection from cold (left claw)
 e - a ring of willpower (right claw)
 q - an amulet of reflection (around neck)
 D - a ring of willpower
Wands
 c - a wand of polymorph (25)
 s - a wand of digging (5)
 F - a wand of iceblast (6)
Scrolls
 f - 2 scrolls of magic mapping {unknown}
 h - a scroll of silence {unknown}
 l - 2 scrolls of noise
 n - 2 scrolls of poison {unknown}
 o - 2 scrolls of fear
 r - a scroll of enchant weapon {unknown}
 y - a scroll of vulnerability {unknown}
 C - a scroll of summoning {unknown}
Potions
 g - 2 potions of attraction
 m - 2 potions of brilliance
 p - 2 potions of curing
 t - a potion of mutation
 u - a potion of flight
 A - a potion of ambrosia
 B - a potion of degeneration {unknown}
Miscellaneous
 E - a piece from Xom's chessboard (15/15)


   Skills:
 + Level 5.6 Fighting
 - Level 2.4 Dodging
 + Level 6.1 Shields
 * Level 8.8 Unarmed Combat
 * Level 1.1 Transmutations


You had 6 spell levels left.
You knew the following spells:

 Your Spells              Type           Power      Damage    Failure   Level
a - Wereblood             Tmut           1%         N/A       65%         2

Your spell library contained the following spells:

 Spells                   Type           Power      Damage    Failure   Level
 Beastly Appendage        Tmut           2%         N/A       50%         1
 Magic Dart               Conj           0%         1d3       67%         1
 Poisonous Vapours        Pois/Air       0%         N/A       80%         2
 Searing Ray              Conj           0%         2d4       80%         2
 Spider Form              Tmut/Pois      0%         N/A       91%         3
 Gell's Gravitas          Tloc           0%         N/A       95%         3
 Lesser Beckoning         Tloc           0%         N/A       95%         3
 Teleport Other           Tloc           0%         N/A       95%         3
 Animate Armour           Summ/Erth      0%         N/A       100%        4
 Corpse Rot               Necr/Pois/Air  0%         N/A       100%        4
 Fulminant Prism          Conj/Hex       0%         3d6       100%        4
 Blade Hands              Tmut           0%         N/A       100%        5
 Iron Shot                Conj/Erth      0%         9d1       100%        6


Dungeon Overview and Level Annotations

Branches:
Dungeon (7/15)             Temple (1/1) D:6          Bailey (1/1)

Altars:
Ashenzari
Cheibriados
Dithmenos
Elyvilon
Fedhas
Gozag
Hepliaklqana
Kikubaaqudgha
Makhleb
Nemelex Xobeh
Okawaru
Qazlal
Trog
Uskayaw
Vehumet
Xom
Yredelemnul
Zin

Shops:
D:5 [


Innate Abilities, Weirdness & Mutations

You are too large for most types of armour.
You have claws for hands.
Your natural rate of healing is unusually fast.
You are covered in fur. (AC +1)
You have tough skin. (AC +1)


Message History

The vampire hits you with a +2 vampiric halberd!
The vampire misses you.
You claw the vampire!
The vampire is severely damaged.
The vampire casts a spell at you. You resist with almost no effort.
You barely miss the vampire.
The vampire is severely damaged.
The vampire gestures wildly while chanting.
The vampire flickers and vanishes!
Deactivating autopickup; reactivate with Ctrl-A.
You claw something! Something hits you!
* * * LOW HITPOINT WARNING * * *
You block something's attack.
You scratch something but do no damage. Something hits you!
* * * LOW HITPOINT WARNING * * *
Something bites you.
* * * LOW HITPOINT WARNING * * *
Something draws strength from your injuries!
You feel much better. Something hits you!
Something bites you but does no damage.
You feel much better. Something hits you! Something bites you!
Something draws strength from your injuries!
Okay, then.
You are confused.
You feel invigorated. Something hits you! Something bites you!
* * * LOW HITPOINT WARNING * * *
Something draws strength from your injuries!
Found a shiny ring mail.
Something hits you.
* * * LOW HITPOINT WARNING * * *
Something bites you but does no damage.
Found an orange potion.
Something hits you!
* * * LOW HITPOINT WARNING * * *
Something bites you.
* * * LOW HITPOINT WARNING * * *
Something draws strength from your injuries!
You bump into the stone wall.
Something hits you!
* * * LOW HITPOINT WARNING * * *
Something bites you!
You die...

#..))..)........8#
#.....)#.........#
#8....##...##''###
#######...##....##
#8.......##......##
#8.......#...##...#
##########..# ##..#
#.. ##{.# #8. #.@8#
##![..[!## ##8}[.##
#####


There were no monsters in sight!

Vanquished Creatures
  A gargoyle (Bailey)
  Sigmund (D:3)
  Menkaure (D:4)
  A water moccasin (D:6)
  2 ice beasts
  2 ogres
  2 phantoms
  A bullfrog (D:6)
  A necrophage (D:6)
  3 killer bees (D:7)
  2 howler monkeys (D:7)
  2 gnoll boudas
  3 hounds (D:6)
  5 orc priests (D:6)
  Natasha (thrice) (D:3)
  An iguana (D:4)
  2 orc wizards
  Robin (D:3)
  15 gnolls
  4 adders
  A white imp (D:7)
  An ufetubus (D:5)
  A worm (D:4)
  2 dart slugs
  21 orcs
  7 endoplasms
  5 giant cockroaches
  16 goblins
  6 hobgoblins
  6 jackals
  3 quokkas
  8 ball pythons
  3 bats
  6 frilled lizards
  3 kobolds
  12 orc zombies (Bailey)
  8 rats
162 creatures vanquished.

Vanquished Creatures (others)
  20 plants (D:7)
20 creatures vanquished.

Grand Total: 182 creatures vanquished

Notes
Turn   | Place    | Note
-------+----------+-------------------------------------------
     0 | D:1      | LustLizard the Troll Fighter began the quest for the Orb.
     0 | D:1      | Reached XP level 1. HP: 22/22 MP: 0/0
   122 | D:1      | Reached XP level 2. HP: 29/29 MP: 1/1
   480 | D:1      | Reached XP level 3. HP: 36/36 MP: 2/2
   805 | D:2      | Found a faded altar of an unknown god.
   851 | D:2      | Found a broken altar of Ashenzari.
   856 | D:2      | Reached skill level 3 in Unarmed Combat
  1196 | D:3      | Noticed Natasha
  1205 | D:3      | Killed Natasha
  1206 | D:3      | Reached XP level 4. HP: 35/45 MP: 3/3
  1225 | D:3      | Found a broken altar of Ashenzari.
  1283 | D:3      | Noticed Sigmund
  1293 | D:3      | Killed Sigmund
  1294 | D:3      | Reached skill level 4 in Unarmed Combat
  1294 | D:3      | Reached XP level 5. HP: 46/53 MP: 4/4
  1331 | D:3      | Noticed Robin
  1340 | D:3      | Killed Robin
  1341 | D:3      | Reached XP level 6. HP: 57/61 MP: 5/5
  1533 | D:3      | Noticed Natasha
  1540 | D:3      | Killed Natasha
  1615 | D:3      | Reached skill level 5 in Unarmed Combat
  1701 | D:3      | Noticed Natasha
  2001 | D:3      | Killed Natasha
  2059 | D:4      | Learned a level 2 spell: Wereblood
  2070 | D:4      | Found a burning altar of Makhleb.
  2298 | D:4      | Noticed Menkaure
  2499 | D:4      | Found a sparkling altar of Nemelex Xobeh.
  2761 | D:4      | Killed Menkaure
  2762 | D:4      | Reached XP level 7. HP: 37/70 MP: 6/6
  3039 | D:5      | Entered Level 5 of the Dungeon
  3059 | D:5      | Found an ancient bone altar of Kikubaaqudgha.
  3108 | D:5      | Reached skill level 6 in Unarmed Combat
  3404 | D:5      | Found Manow's Armour Emporium.
  3523 | D:5      | Found a stormy altar of Qazlal.
  4095 | D:6      | Reached skill level 5 in Shields
  4095 | D:6      | Reached XP level 8. HP: 76/79 MP: 7/7
  4102 | D:6      | Reached skill level 7 in Unarmed Combat
  4357 | D:6      | Found a staircase to the Ecumenical Temple.
  4366 | Temple   | Entered the Ecumenical Temple
  4608 | D:6      | Reached skill level 5 in Fighting
  4944 | D:6      | Reached skill level 8 in Unarmed Combat
  5118 | D:6      | Found a glowing silver altar of Zin.
  5233 | D:6      | Found an opulent altar of Gozag.
  5554 | D:7      | Reached XP level 9. HP: 36/88 MP: 8/8
  5903 | D:7      | Found a flagged portal.
  5912 | Bailey   | Entered a bailey
  6042 | Bailey   | Noticed a gargoyle
  6051 | Bailey   | Killed a gargoyle
  6052 | Bailey   | Reached skill level 1 in Transmutations
  6071 | Bailey   | Found the +3 hat of Pondering {ponderous, Will+ MP+10
                  | Int+5}
  6100 | Bailey   | Slain by a vampire

Illustrated notes

Levels and vault maps discovered:
D:1:      nzn_arrival_crosshair, layout_loops_cross, st_stairs_7
D:2:      layout_rooms, basic_altar,
          hellmonk_ecumenical_altar_pennies_from_heaven
D:3:      layout_loops_cross, evilmike_ruin_ashenzari,
          minmay_misc_feat_more_columns, uniq_sigmund, uniq_natasha, uniq_robin
D:4:      layout_loops_ring, mainiacjoe_overflow_catwalk,
          nemelex_dance_club_becter, uniq_menkaure
D:5:      layout_loops_corners, old_standard_altar, kennysheep_mini,
          serial_shops, kennysheep_little_box, nicolae_underground_beach
D:6:      layout_layer_cave, pdpol_temple_overflow_zin_treasury_gozag_greed,
          minmay_temple_entry_antechambers, dreamdust_gnoll_farm
D:7:      layout_cave_pods, nicolae_ru_path_of_blood, enter_bailey_8,
          hellmonk_bongcloud_opening, serial_bayou_lagoon_a,
          kennysheep_generic_room_16
Temple:   minmay_temple_curvy_loop
Bailey:   bailey_polearm_vampire_castle_hellmonk, bailey

Skill      XL: |  1  2  3  4  5  6  7  8  9 |
---------------+----------------------------+-----
Shields        | 3 4 5 6 |  6.1
Unarmed Combat | 3 4 5 6 8 |  8.8
Fighting       | 3 4 5 |  5.6
Transmutations | 1 |  1.1
Dodging        | |  2.4

Action                   |  1- 3 |  4- 6 |  7- 9 || total
-------------------------+-------+-------+-------++-------
Melee: Unarmed           |   103 |   135 |   225 ||   463
Throw: Throwing net      |       |       |     1 ||     1
Evoke: Wand              |       |       |     3 ||     3
  Use: Scroll            |     1 |     3 |     5 ||     9
       Potion            |       |     1 |     5 ||     6
 Stab: Distracted        |       |     1 |       ||     1
Armor: Robe              |    40 |    23 |    46 ||   109
Dodge: Dodged            |    35 |    25 |    56 ||   116
Block: Kite shield       |    32 |    71 |   157 ||   260
       Reflection        |       |     2 |     3 ||     5
